Map: Chantier naval orbital

Players

LÉopOLDineFr - Winner!

  • Race: Terran Terran
  • League: Diamond

RemakingStar

  • Race: Protoss Protoss

VOD

Have the link to the VOD?

Description

Time

  • Played on: Dec. 22, 2015, 7:12 a.m.
  • Length: 12:21
Show
View Real Time Build Order
Export as new Build Order

LÉopOLDineFr Terran - Winner!

Build Orders:  

Get SALT Encoding   

  12  0:01  SCV  
  13  0:13  SCV  
  14  0:19  Supply Depot  
  14  0:25  SCV  
  15  0:40  SCV  
  15  0:42  Barracks  
  16  0:46  Refinery  
  16  0:52  SCV  
  17  1:04  SCV  
  18  1:16  SCV  
  19  1:29  Orbital Command  
  19  1:31  Barracks Reactor  
  19  1:47  Command Center  
  19  1:54  SCV  
  20  2:03  Supply Depot  
  20  2:06  SCV  
  21  2:14  Marine x2  
  23  2:19  Factory  
  23  2:25  SCV  
  24  2:34  Bunker  
  24  2:36  Marine x2  
  26  2:38  SCV  
  27  2:51  SCV  
  27  2:54  Marine x2  
  30  3:03  Factory Tech Lab  
  30  3:06  Starport  
  30  3:08  Refinery, Bunker  
  30  3:12  Marine  
  26  3:37  Marine x2  
  28  3:48  Viking  
  30  3:55  Marine x2  
  26  4:12  Marine  
  26  4:15  Siege Tank  
  26  4:16  Marine  
  31  4:42  Orbital Command  
  31  4:46  Supply Depot  
  31  4:56  Supply Depot  
  31  5:07  SCV, Marine x2  
  31  5:11  Siege Tank  
  37  5:23  Medivac  
  37  5:24  Supply Depot  
  37  5:25  Marine  
  37  5:26  Marine  
  41  5:31  SCV x2  
  43  5:41  Starport  
  43  5:43  SCV  
  43  5:48  Supply Depot  
  44  6:00  Marine x2  
  42  6:18  Marine x2  
  36  6:36  Marine  
  36  6:39  Marine  
  36  6:54  Marine  
  29  6:57  Banshee, Marine  
  29  6:59  Cloaking Field  
  34  7:06  SCV x2, Barracks  
  36  7:08  Factory Reactor  
  36  7:11  Refinery  
  36  7:16  Starport Tech Lab  
  36  7:20  Marine x2  
  36  7:21  Bunker  
  38  7:26  SCV  
  38  7:27  SCV  
  40  7:30  Engineering Bay  
  40  7:33  Barracks  
  40  7:36  Banshee  
  43  7:39  SCV x2  
  43  7:42  Raven  
  47  7:44  Marine x2  
  47  7:51  SCV x2  
  51  7:57  Terran Infantry Weapons Level 1, Supply Depot  
  51  8:03  SCV x2, Marine x2  
  51  8:04  Factory Tech Lab  
  55  8:07  Marine x2  
  57  8:17  SCV  
  57  8:18  SCV  
  57  8:19  Viking  
  61  8:20  Marine  
  61  8:23  Supply Depot  
  61  8:25  Banshee  
  65  8:37  Missile Turret  
  65  8:44  Marine x4  
  65  8:48  Widow Mine  
  58  9:20  Marine x4  
  58  9:24  Banshee  
  61  9:26  Widow Mine  
  62  9:38  Stimpack, Marine  
  62  9:46  Supply Depot  
  62  9:50  SCV x2, Marauder, Marine x3  
  62  9:51  Supply Depot  
  69  9:56  Marine  
  70  10:03  SCV, Raven, Widow Mine  
  70  10:07  Banshee  
  75  10:08  Marine x3  
  75  10:12  Marauder  
  75  10:13  Marine  
  84  10:21  Supply Depot  
  84  10:22  Missile Turret  
  84  10:25  Marine x3  
  87  10:31  Marine  
  87  10:33  Marauder  
  87  10:35  SCV x2  
  92  10:43  Marine x3  
  95  10:54  Marauder  
  93  11:16  Marauder  
  77  11:28  Marine x3  
  77  11:29  Marine  
  77  11:30  Widow Mine  
  77  11:31  Banshee x2  
  89  11:37  Marauder  
  91  11:46  Marine x3  
  91  11:47  Marine  
  81  11:58  Marine  
Show
View Real Time Build Order
Export as new Build Order

RemakingStar Protoss 

Build Orders:  

Get SALT Encoding   

  12  0:01  Probe (Chrono Boost)  
  13  0:11  Probe (Chrono Boost)  
  14  0:18  Pylon  
  14  0:22  Probe (Chrono Boost)  
  15  0:34  Assimilator  
  15  0:39  Gateway  
  16  0:42  Probe (Chrono Boost)  
  16  0:53  Probe (Chrono Boost)  
  17  1:04  Probe (Chrono Boost)  
  18  1:08  Pylon  
  18  1:14  Probe (Chrono Boost)  
  19  1:25  Probe (Chrono Boost)  
  20  1:29  Cybernetics Core  
  20  1:35  Probe (Chrono Boost)  
  21  1:44  Gateway  
  21  1:46  Probe (Chrono Boost)  
  22  1:57  Probe (Chrono Boost)  
  23  2:03  Assimilator  
  23  2:08  Mothership Core (Chrono Boost), Adept  
  27  2:09  Warp Gate  
  27  2:25  Pylon  
  30  2:37  Adept (Chrono Boost)  
  30  2:38  Adept (Chrono Boost)  
  31  2:52  Probe  
  31  2:56  Pylon  
  31  2:57  Pylon  
  32  2:59  Pylon  
  32  3:04  Stalker (Chrono Boost)  
  36  3:05  Probe  
  36  3:08  Stalker (Chrono Boost)  
  37  3:32  Probe  
  36  3:44  Probe  
  37  4:02  Nexus  
  37  4:03  Robotics Facility  
  37  4:04  Gateway  
  33  4:20  Probe  
  32  4:25  Gateway  
  32  4:26  Robotics Facility  
  28  4:41  Probe  
  29  4:54  Observer (Chrono Boost)  
  29  4:56  Pylon  
  29  4:58  Mothership Core  
  32  5:13  Immortal (Chrono Boost)  
  36  5:20  Probe  
  36  5:21  Immortal (Chrono Boost)  
  41  5:25  Stalker  
  42  5:33  Stalker  
  42  5:35  Sentry  
  46  5:38  Probe  
  46  5:39  Probe  
  46  6:10  Stalker  
  46  6:11  Stalker  
  44  6:13  Immortal (Chrono Boost)  
  44  6:14  Zealot x2  
  48  6:39  Stalker x2  
  48  6:40  Zealot x2  
  52  6:49  Immortal (Chrono Boost)  
  54  6:57  Probe  
  54  6:59  Mothership Core  
  57  7:09  Zealot x2  
  57  7:13  Nexus  
  61  7:17  Pylon  
  61  7:37  Stalker x3  
  61  7:39  Zealot  
  69  7:47  Pylon  
  69  7:48  Probe  
  70  7:53  Colossus (Chrono Boost)  
  70  7:59  Twilight Council  
  70  8:04  Assimilator x2  
  70  8:08  Pylon  
  70  8:12  Forge  
  70  8:13  Probe x2  
  72  8:29  Stalker, Pylon  
  72  8:30  Sentry  
  53  9:13  Stalker x2  
  51  9:30  Stalker x2  
  49  9:34  Immortal x2 (Chrono Boost)  
  51  9:42  Pylon  
  51  9:47  Zealot x2  
  55  9:55  Gateway  
  55  9:58  Gateway  
  55  10:00  Stalker x2  
  59  10:20  Probe, Observer x2 (Chrono Boost)  
  61  10:21  Probe x2  
  61  10:23  Assimilator  
  61  10:25  Assimilator  
  64  10:30  Probe  
  64  10:33  Stalker x2, Probe  
  64  10:34  Stalker, Zealot  
  74  10:41  Pylon  
  74  10:54  Pylon  
  74  11:01  Stalker x2, Immortal (Chrono Boost)  
  74  11:02  Immortal (Chrono Boost)  
  74  11:03  Zealot  
  67  11:30  Stalker x3  
  67  11:31  Zealot  
  68  11:40  Observer (Chrono Boost)  
  50  11:56  Stalker  
  50  11:57  Stalker x3  
Tags
 
Add a new tag
Caveats
  • Supply blocks, unpowered buildings, or Contaminate may cause inaccurate times.
  • Supply counts are checked every 10 seconds.